 Dungeon Sprint DCSS version 0.30-a0-1160-g6e42c06551 (webtiles) character file.

Game seed: 4450352497471465502

58 sircluck the Chopper (level 4, -7/67 HPs)
             Began as a Hill Orc Berserker on Apr 26, 2023.
             Was a Believer of Trog.
             Mangled by a water moccasin (8 damage)
             ... in the Dungeon (Sprint IX: "|||||||||||||||||||||||||||||").
             The game lasted 00:00:11 (27 turns).

sircluck the Chopper (Hill Orc Berserker)             Turns: 27, Time: 00:00:12

Health: -7/67      AC:  2    Str: 21    XL:     4   Next: 2%
Magic:  4/4        EV: 12    Int:  7    God:    Trog [**....]
Gold:   0          SH:  0    Dex: 10    Spells: 3/3 levels left

rFire   . . .        a - +0 hand axe
rCold   . . .        (no shield)
rNeg    . . .        b - +0 animal skin
rPois   .            (no helmet)
rElec   .            (no cloak)
rCorr   .            (no gloves)
SInv    .            (no boots)
Will    .....        (no amulet) Stlth
                     (no ring)
HPRegen 0.31/turn    (no ring)
MPRegen 0.09/turn

%: no teleportation
@: berserking, lethally poisoned (-7 -> -25), very quick
A: no striking features
a: Renounce Religion, Berserk, Trog's Hand


You were in the Dungeon.
You worshipped Trog.
Trog was pleased with you.
You visited 1 branch

Inventory:

Hand Weapons
 a - a +0 hand axe (weapon)
Armour
 b - a +0 animal skin (worn)
Scrolls
 h - a scroll of blinking
Potions
 c - a potion of curing
 d - a potion of heal wounds
 e - a potion of haste
 f - 2 potions of magic
 g - a potion of berserk rage


   Skills:
 + Level 6.6 Fighting
 + Level 7.3 Axes
 + Level 3.3 Armour
 + Level 2.4 Dodging


You had 3 spell levels left.
You didn't know any spells.
Your spell library was empty.

Dungeon Overview and Level Annotations

Branches:
Dungeon (1/1)

Altars:


Message History

You are too injured to fight recklessly!
You are too injured to fight recklessly!
You are too injured to fight recklessly!
You are too injured to fight recklessly!
You are too injured to fight recklessly!
You are too injured to fight recklessly!
You are too injured to fight recklessly!
You are too injured to fight recklessly!
You slash the scorpion!
You kill the scorpion!
Trog accepts your kill.
* * * LOW HITPOINT WARNING * * *
You feel sick.
Your Fighting skill gained 2 levels and is now at level 6!
Your Axes skill gained 3 levels and is now at level 7!
Your Armour skill increases to level 3!
Your Dodging skill increases to level 2!
You have reached level 2!
You have reached level 3!
Your experience leads to an increase in your attributes!
Increase (S)trength, (I)ntelligence, or (D)exterity?
You feel stronger. x2
You have reached level 4!
You closely miss the water moccasin.
You feel sick.
The water moccasin completely misses you.
You slash the water moccasin!
The water moccasin is moderately wounded.
You feel sick. The water moccasin closely misses you.
You closely miss the water moccasin.
The water moccasin is moderately wounded.
You feel sick. The water moccasin bites you!
* * * LOW HITPOINT WARNING * * *
You are more poisoned.
The water moccasin poisons you!
You closely miss the water moccasin.
The water moccasin is moderately wounded.
* * * LOW HITPOINT WARNING * * *
You feel very sick. The water moccasin bites you!
You die...

▓+▓
▓.▓
▓.▓
▓w▓
▓O▓
▓h▓
▓S▓
▓@▓
▓.▓
▓.▓
▓.▓
▓)▓
▓)▓
▓.▓
▓.▓
▓.▓


You could see a water moccasin, an ogre, a dart slug and a jackal.

Vanquished Creatures
  A scorpion (D)
  A ball python (D)
  An endoplasm (D)
  3 goblins (D)
6 creatures vanquished.

Notes
Turn   | Place    | Note
-------+----------+-------------------------------------------
     0 | D        | sircluck the Hill Orc Berserker began the quest for the
                  | Orb.
     0 | D        | Reached XP level 1. HP: 19/19 MP: 1/1
     8 | D        | Reached ** piety under Trog
    18 | D        | Noticed an ogre
    18 | D        | Noticed a water moccasin
    18 | D        | Noticed a scorpion
    23 | D        | Killed a scorpion
    24 | D        | Reached skill level 7 in Axes
    24 | D        | Reached XP level 2. HP: 10/31 MP: 2/2
    24 | D        | Reached XP level 3. HP: 13/38 MP: 3/3
    24 | D        | Reached XP level 4. HP: 15/45 MP: 4/4
    27 | D        | HP: 1/67 [poisoned by a water moccasin]
    27 | D        | Mangled by a water moccasin

Illustrated notes

Levels and vault maps discovered:
D:        linesprint [early_d, line_temple, items_1, d_10, items_2, lair_1,
          lair_end, items_3, orc_1, orc_end, items_4, d_15, swamp_1, shoals_1,
          snake_1, spider_1, d_20, vaults_1, items_5, swamp_end, shoals_end,
          snake_end, spider_end, vaults_end, d_27, items_6, zot_1, zot_end,
          crypt_end, forest_end, elf_end, slime_end, tomb_end, abyss_end,
          pan_hell_end]

Skill      XL: |  1 |
---------------+----+-----
Fighting       | 6 |  6.6
Axes           | 7 |  7.3
Armour         | 3 |  3.3
Dodging        | 2 |  2.4

Action                     |  1- 3 |  4- 6 || total
---------------------------+-------+-------++-------
  Melee: Hand axe          |    10 |     4 ||    14
 Invoke: Berserk           |     1 |       ||     1
 Armour: Animal skin       |     1 |       ||     1
  Dodge: Dodged            |     2 |     2 ||     4

Table legend: (Time is in decaauts)
 A = Elapsed time spent in this place.
 B = Non-inter-level travel time spent in this place.
 C = Inter-level travel time spent in this place.
 D = Time resting spent in this place.
 E = Time spent auto-exploring this place.
 F = Levels seen in this place.
 G = Mean time per level.
                   A        B        C        D        E       F      G
               +--------+--------+--------+--------+--------+-----+--------+
         Total |     26 |     26 |      0 |      0 |     10 |   1 |   26.0 |
       Dungeon |     26 |     26 |      0 |      0 |     10 |   1 |   26.0 |
               +--------+--------+--------+--------+--------+-----+--------+

Top non-repeatable levels by time:
       D: 26 daAuts
